 Dungeon Crawl Stone Soup version 0.29.1-1-gd02db6906a (webtiles) character file.

Game seed: 16534519028999650630

77 masschaos23 the Trooper (level 4, -1/40 HPs)
             Began as a Hill Orc Fighter on Sept 18, 2022.
             Slain by a worm (4 damage)
             ... on level 2 of the Dungeon.
             The game lasted 00:01:25 (844 turns).

masschaos23 the Trooper (Hill Orc Fighter)           Turns: 844, Time: 00:01:25

Health: -1/40      AC:  7    Str: 20    XL:     4   Next: 34%
Magic:  4/4        EV:  9    Int:  8    God:
Gold:   82         SH:  4    Dex: 10    Spells: 3/3 levels left

rFire   . . .      SeeInvis .   a - +0 war axe
rCold   . . .      Faith    .   c - +0 buckler
rNeg    . . .      Spirit   .   b - +0 scale mail
rPois   .          Reflect  .   (no helmet)
rElec   .          Harm     .   (no cloak)
rCorr   .          Rampage  .   (no gloves)
Will    .....                   (no boots)
Stlth   ..........              (no amulet)
HPRegen 0.13/turn               (no ring)
MPRegen 0.09/turn               (no ring)

@: no status effects
A: no striking features
a: no special abilities


You were on level 2 of the Dungeon.
You visited 1 branch of the dungeon, and saw 2 of its levels.

You collected 82 gold pieces.

Inventory:

Hand Weapons
 a - a +0 war axe (weapon)
Armour
 b - a +0 scale mail (worn)
 c - a +0 buckler (worn)
 l - a +1 pair of boots
Magical Staves
 k - a staff of poison
Jewellery
 h - an amulet of regeneration
Scrolls
 e - a scroll of poison {unknown}
 f - 3 scrolls of identify {unknown}
 g - a scroll of vulnerability {unknown}
Potions
 d - 2 potions of might
 i - a potion of heal wounds {unknown}
 j - a potion of ambrosia {unknown}


   Skills:
 + Level 4.2 Fighting
 + Level 4.0 Axes
 + Level 4.0 Armour
 * Level 3.9 Shields


You had 3 spell levels left.
You didn't know any spells.
Your spell library was empty.

Dungeon Overview and Level Annotations

Branches:
Dungeon (2/15)

Altars:

Annotations:
D:1 1 runed translucent door


Message History

You slash the rat!
You kill the rat!
You hit the kobold but do no damage. You hit the gnoll.
You kill the gnoll!
The kobold closely misses you.
Your Armour skill increases to level 4!
A ball python comes into view.
The ball python hisses angrily.
The kobold hits you with a +0 whip. The worm closely misses you.
There is a stone staircase leading down here.
Things that are here:
a +0 whip; a rat corpse; a gnoll corpse Unknown command.
You barely miss the kobold. You hit the worm. You block the kobold's attack.
The worm bites you.
You closely miss the kobold. You slash the worm! The kobold closely misses you.
The kobold barely misses you. The worm closely misses you.
You barely miss the kobold. You hit the worm.
The kobold hits you but does no damage.
You barely miss the kobold. You hit the worm. x2
You hit the ball python but do no damage.
The kobold hits you with a +0 whip. The ball python closely misses you.
The ball python barely misses you. The worm closely misses you.
You hit the kobold but do no damage. You hit the worm. You hit the ball python.
You kill the ball python!
You hit the worm but do no damage. The kobold hits you but does no damage.
You block the worm's attack. The worm bites you.
The kobold hits you with a +0 whip.
* * * LOW HITPOINT WARNING * * *
You slash the kobold!
You kill the kobold!
You hit the worm. x2
You kill the worm!
The worm bites you!
* * * LOW HITPOINT WARNING * * *
Your Axes skill increases to level 4!
You barely miss the worm.
The worm is lightly wounded.
The worm bites you.
You die...

...#####........#
#.....####....######
##................#
#......#..........#
.....#!#..........#
......[#..........#
#....#....†)....#
#.........w)...#
...##.#w......†@...#
#.....)........)...#
.......)...........#
.......##.######.###
............ #.#
....#.#.....# #.#
....#$#......# #..
... #...?.........
.. ###........


You could see a worm.

Vanquished Creatures
  4 gnolls (D:2)
  A worm (D:2)
  A dart slug (D:1)
  5 ball pythons
  2 bats (D:1)
  2 endoplasms (D:1)
  3 giant cockroaches
  6 goblins
  A hobgoblin (D:1)
  A quokka (D:1)
  4 frilled lizards
  4 kobolds
  A rat (D:2)
35 creatures vanquished.

Notes
Turn   | Place    | Note
-------+----------+-------------------------------------------
     0 | D:1      | masschaos23 the Hill Orc Fighter began the quest for the
                  | Orb.
     0 | D:1      | Reached XP level 1. HP: 19/19 MP: 1/1
     1 | D:1      | Found a runed translucent door.
     9 | D:1      | Noticed a jelly
     9 | D:1      | Noticed a jelly
    62 | D:1      | Reached XP level 2. HP: 21/27 MP: 2/2
   402 | D:1      | Found a faded altar of an unknown god.
   578 | D:1      | Reached XP level 3. HP: 33/33 MP: 3/3
   836 | D:2      | Reached XP level 4. HP: 24/40 MP: 4/4
   844 | D:2      | Slain by a worm

Illustrated notes

Levels and vault maps discovered:
D:1:      dpeg_arrival_caged_fury, layout_rooms,
          hellmonk_ecumenical_altar_slurped_away
D:2:      layout_rooms

Skill      XL: |  1  2  3  4 |
---------------+-------------+-----
Fighting       | 4 |  4.2
Axes           | 3 4 |  4.0
Armour         | 4 |  4.0
Shields        | |  3.9

Action                   |  1- 3 |  4- 6 || total
-------------------------+-------+-------++-------
Melee: War axe           |    79 |     8 ||    87
Armor: Scale mail        |    43 |     2 ||    45
Dodge: Dodged            |    34 |     8 ||    42
Block: Buckler           |    23 |     2 ||    25
